 Dungeon Crawl Stone Soup version 0.27.0-1-g7a089689b8 (webtiles) character file.

Game seed: 12446178624633289619

1529 fiver49 the Thaumaturge (level 9, 0/55 HPs)
             Began as a Djinni Conjurer on Aug 17, 2021.
             Was a Follower of Zin.
             Splashed by an acid dragon's acid (17 damage)
             ... on level 6 of the Dungeon.
             The game lasted 00:20:23 (10046 turns).

fiver49 the Thaumaturge (Djinni Conjurer)          Turns: 10046, Time: 00:20:24

Health: 0/55       AC:  0    Str:  7    XL:     9   Next: 10%
Gold:   67         EV: 11    Int: 23    God:    Zin [*.....] SH:  3 Dex: 11

rFire    + + .     SeeInvis +   a - +0 rapier (venom)
rCold    x . .     Faith    .   r - +0 buckler
rNeg     . . .     Spirit   .   C - +1 robe of Proximity {SInv}
rPois    ∞         Reflect  .   (no helmet)
rElec    .         Harm     .   (no cloak)
rCorr    .         Rampage  .   h - +0 pair of gloves
Will     .....                  (boots unavailable)
Stlth    ++........             (no amulet)
HPRegen  0.18/turn              n - +4 ring of slaying
MPRegen  0.00/turn              (no ring)

@: corroded, flying
A: sickness immunity, fire resistance 2, cold vulnerability 1, float, innate
caster, hp casting, extra vitality 1
a: Renounce Religion, Recite, Donate Gold


You were on level 6 of the Dungeon.
You worshipped Zin.
Zin was aware of your devotion.
You visited 2 branches of the dungeon, and saw 7 of its levels.

You collected 150 gold pieces.
You spent 68 gold pieces at shops.
You donated 15 gold pieces to Zin.

Inventory:

Hand Weapons
 a - a +0 rapier of venom (weapon)
   (You bought it in a shop on level 6 of the Dungeon)
 d - a +0 dagger
   (You took it off a kobold on level 1 of the Dungeon)
Missiles
 e - 27 poisoned darts (quivered)
 g - 52 stones
 m - 3 javelins
 B - 4 boomerangs
Armour
 h - a +0 pair of gloves (worn)
   (You found it on level 2 of the Dungeon)
 q - a +0 kite shield
   (You found it on level 5 of the Dungeon)
 r - a +0 buckler (worn)
   (You found it on level 5 of the Dungeon)
 A - a +0 robe
 C - the +1 robe of Proximity (worn) {SInv}
   (You found it on level 6 of the Dungeon)

   SInv:      It lets you see invisible.
Jewellery
 n - a +4 ring of slaying (left hand)
   (You found it on level 4 of the Dungeon)
 s - a ring of willpower
   (You found it on level 5 of the Dungeon)
Wands
 j - a wand of paralysis (13)
   (You took it off an orc on level 3 of the Dungeon)
 x - a wand of digging (3)
   (You found it on level 5 of the Dungeon)
 E - a wand of charming (8)
   (You found it on level 6 of the Dungeon)
Scrolls
 b - a scroll of silence {unknown}
 c - 7 scrolls of identify {unknown}
 f - 2 scrolls of vulnerability {unknown}
 k - 2 scrolls of fog {unknown}
 t - a scroll of teleportation {unknown}
 v - a scroll of immolation {unknown}
 D - a scroll of magic mapping {unknown}
Potions
 i - 2 potions of haste {unknown}
 l - 2 potions of flight {unknown}
 o - 2 potions of attraction {unknown}
 p - 2 potions of curing
 u - a potion of degeneration {unknown}
 w - a potion of brilliance {unknown}
 z - a potion of berserk rage {unknown}


   Skills:
 - Level 2.1 Dodging
 - Level 2.0 Stealth
 + Level 8.9 Spellcasting


You had one spell level left.
You knew the following spells:

 Your Spells              Type           Power      Damage    Failure   Level
a - Magic Dart            Conj           100%       1d8       1%          1
b - Searing Ray           Conj           100%       3d7       1%          2
c - Dazzling Flash        Conj/Hex       100%       N/A       1%          3
d - Fulminant Prism       Conj/Hex       25%        3d14      2%          4
e - Iskenderun's Mystic   Conj/Tloc      51%        2d11      2%          4
f - Sandblast             Erth           100%       2d20      1%          1
g - Slow                  Hex            51%        N/A       1%          2
h - Inner Flame           Hex/Fire       51%        N/A       1%          3
i - Ice Form              Ice/Tmut       51%        N/A       2%          4
Your spell library was empty.

Dungeon Overview and Level Annotations

Branches:
Dungeon (6/15)             Temple (1/1) D:4

Altars:
Ashenzari
Cheibriados
Dithmenos
Fedhas
Gozag
Hepliaklqana
Kikubaaqudgha
Makhleb
Nemelex Xobeh
Okawaru
Qazlal
Sif Muna
Trog
Xom
Yredelemnul
Zin
The Shining One

Shops:
D:6 (

Annotations:
D:2 1 runed translucent door, Crazy Yiuf
D:4 3 runed translucent doors, Forgeling's ghost, amateur NaVM
D:6 Grinder


Innate Abilities, Weirdness & Mutations

You are immune to sickness and miasma.
You are immune to poison.
Your flesh is very heat resistant. (rF++)
You are vulnerable to cold. (rC-)
You float through the air rather than walking.
You learn spells naturally, not from books.
Your magical power is your life essence.
You have superior vitality. (+4 HP)


Message History

Confirm with . or Enter, or press ? or * to list all spells.
You don't have enough health to cast this spell.
Unknown command.
It was a potion of curing.
You feel better. The hornet zombie hits you!
* * * LOW HITPOINT WARNING * * *
Casting: Magic Dart (safe; 1% risk of failure)
Confirm with . or Enter, or press ? or * to list all spells.
Aiming: Slow (safe; 1% risk of failure)
Press: ? - help, Shift-Dir - straight line, f/p - hornet zombie
Aim: a hornet zombie (almost destroyed, chance to affect: 87%)
The hornet zombie seems to slow down.
* * * LOW HITPOINT WARNING * * *
The hornet zombie closely misses you.
An ogre comes into view. It is wielding a +0 giant club.
The ogre shouts!
Casting: Slow (safe; 1% risk of failure)
Confirm with . or Enter, or press ? or * to list all spells.
Aiming: Slow (safe; 1% risk of failure)
Press: ? - help, Shift-Dir - straight line, f - ogre, p - hornet zombie
Aim: an ogre, wielding a +0 giant club (chance to affect: 81%)
The ogre seems to slow down.
* * * LOW HITPOINT WARNING * * *
Casting: Slow (safe; 1% risk of failure)
Confirm with . or Enter, or press ? or * to list all spells.
Aiming: Fulminant Prism (dangerous; 3% risk of failure)
Press: ? - help, Dir - move target, p - ogre You conjure a prism of explosive energy!
* * * LOW HITPOINT WARNING * * *
A fulminant prism comes into view.
Your fulminant prism crackles loudly.
You hear an explosion!
Zin accepts your kill.
You feel a bit more experienced.
There is an open door here.
There is a stone staircase leading up here.
You fly upwards.
There is a stone staircase leading down here.
There is a stone staircase leading down here.
You start resting.
HP restored.
You fly downwards.
Level annotation: Grinder
There is a stone staircase leading up here.
There is a stone staircase leading down here.
There is an open door here.
You reach down and open the door.
There is an open door here.
An acid dragon comes into view.
Casting: Fulminant Prism (dangerous; 2% risk of failure)
Confirm with . or Enter, or press ? or * to list all spells.
Aiming: Magic Dart (safe; 1% risk of failure)
Press: ? - help, Shift-Dir - straight line, f - acid dragon
Aim: an acid dragon (asleep, 100% to hit)
The magic dart hits the acid dragon but does no damage.
Casting: Magic Dart (safe; 1% risk of failure)
Confirm with . or Enter, or press ? or * to list all spells.
Aiming: Magic Dart (safe; 1% risk of failure)
Press: ? - help, Shift-Dir - straight line, f/p - acid dragon
Aim: an acid dragon (100% to hit)
The magic dart hits the acid dragon.
The acid dragon is lightly wounded.
Casting: Magic Dart (safe; 1% risk of failure)
Confirm with . or Enter, or press ? or * to list all spells.
Aiming: Slow (safe; 1% risk of failure)
Press: ? - help, Shift-Dir - straight line, f/p - acid dragon
Aim: an acid dragon (lightly wounded, chance to affect: 81%)
The acid dragon barely resists.
Casting: Slow (safe; 1% risk of failure)
Confirm with . or Enter, or press ? or * to list all spells.
Aiming: Slow (safe; 1% risk of failure)
Press: ? - help, Shift-Dir - straight line, f/p - acid dragon
Aim: an acid dragon (lightly wounded, chance to affect: 81%)
The acid dragon seems to slow down.
Casting: Slow (safe; 1% risk of failure)
Confirm with . or Enter, or press ? or * to list all spells.
Okay, then.
Casting: Slow (safe; 1% risk of failure)
Confirm with . or Enter, or press ? or * to list all spells.
The acid dragon is dazzled.
The acid dragon spits acid at you. The splash of acid hits you.
You are splashed with acid!
The acid dragon bites you but does no damage.
The acid dragon claws you but does no damage.
You hit the acid dragon.
The acid dragon is moderately wounded.
The acid dragon closely misses you. x2
You hit the acid dragon.
The acid dragon is poisoned.
The acid dragon is heavily wounded.
You hit the acid dragon.
The acid dragon looks as sick as possible!
The acid dragon is severely wounded.
The acid dragon closely misses you. The acid dragon claws you.
You hit the acid dragon.
The acid dragon is almost dead.
The acid dragon is no longer blind.
The acid dragon spits acid at you. The splash of acid hits you!
The acid corrodes you!
You are splashed with acid!
You die...

.#......# #..#......... .###....#
###..##'######.... ...#....#
#.........'..#.... ...#....#
#.........#..#.... ...#....#
#.........#..#.... ...)....#
#....##..##..#.... #'##....#
#######..##'##....
...#....####+###..$.#...##..#....
...#....#......D@...#.......#....
...#....+.....##..####..##..'....
...#)...#... #..####..##'##....
####....## #...#....##..#....
........# #...#........#....
........# ##'#########..'....
........# #..........####....
........# +..................
####....#######..................


You could see an acid dragon (extremely poisoned, slow, catching breath).

Vanquished Creatures
  A hornet (D:5)
  2 black bears
  An orc warrior (D:5)
  A hornet zombie (D:6)
  2 ogres
  A necrophage (D:5)
  4 scorpions
  3 wights (D:6)
  A bullfrog zombie (D:6)
  A centaur zombie (D:6)
  2 hounds
  An orc priest (D:3)
  An orc wizard (D:3)
  A hound skeleton (D:5)
  A howler monkey skeleton (D:5)
  3 adders
  A white imp (D:6)
  5 worms
  3 dart slugs
  11 orcs
  4 bats (D:1)
  4 endoplasms
  3 giant cockroaches (D:2)
  5 goblins
  6 hobgoblins
  20 jackals
  2 quokkas
  6 ball pythons
  A frilled lizard (D:1)
  10 kobolds
  10 rats
117 creatures vanquished.

Vanquished Creatures (others)
  A wizard (D:5)
  5 fulminant prisms
6 creatures vanquished.

Grand Total: 123 creatures vanquished

Notes
Turn   | Place    | Note
-------+----------+-------------------------------------------
     0 | D:1      | fiver49 the Djinni Conjurer began the quest for the Orb.
     0 | D:1      | Reached XP level 1. HP: 15/15 MP: 0/0
   212 | D:1      | Reached XP level 2. HP: 16/21 MP: 0/0
   225 | D:1      | Reached skill level 2 in Stealth
  1174 | D:1      | Reached XP level 3. HP: 25/25 MP: 0/0
  1174 | D:1      | Learned a level 1 spell: Sandblast
  2116 | D:2      | Reached skill level 4 in Spellcasting
  2453 | D:2      | Reached XP level 4. HP: 25/31 MP: 0/0
  2978 | D:2      | Found a runed translucent door.
  2979 | D:2      | Noticed Crazy Yiuf
  3283 | D:3      | Found a faded altar of an unknown god.
  4057 | D:3      | Reached XP level 5. HP: 24/35 MP: 0/0
  4057 | D:3      | Learned a level 2 spell: Slow
  4579 | D:3      | Found an iron altar of Okawaru.
  4579 | D:3      | Found a faded altar of an unknown god.
  4588 | D:3      | Found a stormy altar of Qazlal.
  4590 | D:3      | Found a blossoming altar of Fedhas.
  4592 | D:3      | Found a glowing golden altar of the Shining One.
  4675 | D:3      | Reached skill level 5 in Spellcasting
  5036 | D:4      | Found a staircase to the Ecumenical Temple.
  5041 | Temple   | Entered the Ecumenical Temple
  5338 | D:4      | Reached XP level 6. HP: 30/40 MP: 0/0
  5553 | D:4      | Found a runed translucent gate.
  5554 | D:4      | Found a runed translucent gate.
  5554 | D:4      | Found a runed translucent gate.
  5554 | D:4      | Noticed Forgeling's ghost (amateur NaVM)
  5769 | D:5      | Entered Level 5 of the Dungeon
  5769 | D:5      | Noticed a necrophage
  5815 | D:5      | Noticed a black bear
  6103 | D:5      | Killed a black bear
  6166 | D:5      | Killed a necrophage
  6167 | D:5      | Reached skill level 6 in Spellcasting
  6167 | D:5      | Reached XP level 7. HP: 38/45 MP: 0/0
  6167 | D:5      | Learned a level 3 spell: Inner Flame
  6797 | D:5      | Reached skill level 7 in Spellcasting
  7031 | D:5      | Found an opulent altar of Gozag.
  7057 | D:5      | Found a bloodstained altar of Trog.
  7058 | D:5      | Noticed a wizard
  7063 | D:5      | Killed a wizard
  7124 | D:5      | Noticed a hornet
  7130 | D:5      | Killed a hornet
  7131 | D:5      | Reached XP level 8. HP: 30/50 MP: 0/0
  7333 | D:5      | Found a glowing silver altar of Zin.
  7339 | D:5      | Became a worshipper of Zin the Law-Giver
  7339 | D:5      | Reached * piety under Zin
  7388 | D:6      | Found Ziwkisuv's Weapon Shoppe.
  7391 | D:6      | Bought a +0 rapier of venom for 68 gold pieces
  7467 | D:6      | HP: 12/50 [orc warrior/boomerang (15)]
  8190 | D:5      | Reached skill level 8 in Spellcasting
  8499 | D:6      | Found a shimmering altar of Xom.
  8524 | D:6      | Noticed Grinder
  8532 | D:6      | Identified the +1 robe of Proximity {SInv}
  9371 | D:6      | Reached XP level 9. HP: 27/55 MP: 0/0
  9371 | D:6      | Learned a level 4 spell: Ice Form
  9665 | D:6      | HP: 10/55 [hornet zombie (3)]
  9666 | D:6      | HP: 1/55 [hornet zombie (8)]
 10046 | D:6      | Splashed by an acid dragon's acid

Illustrated notes

Levels and vault maps discovered:
D:1:      dpeg_arrival_ratfight, layout_basic
D:2:      layout_basic, nicolae_underground_beach, uniq_crazy_yiuf_cottage
D:3:      layout_loops_cross, chequers_temple_overflow_minitemple,
          shapermc_ecumenical_altar_gd, minmay_misc_feat_roman,
          grunt_ministairs_11
D:4:      layout_rooms, temple_doors_ab, ebering_ghost_rock_garden
D:5:      layout_rooms, pdpol_temple_overflow_zin_treasury_gozag_greed,
          trog_wizard
D:6:      minmay_evil_eye, layout_gridville, mainiacjoe_overflow_tiny_flanked,
          serial_shops, nicolae_stop_n_shop_2, chequers_jeans, uniq_grinder
Temple:   compressed_dpeg_triangle_lava_temple

Skill      XL: |  1  2  3  4  5  6  7  8 |
---------------+-------------------------+-----
Stealth        | 2 |  2.0
Spellcasting   | 4 5 6 7 8 |  8.9
Dodging        | |  2.1

Action                   |  1- 3 |  4- 6 |  7- 9 || total
-------------------------+-------+-------+-------++-------
Melee: Unarmed           |     1 |       |       ||     1
       Dagger            |    34 |    13 |       ||    47
       Rapier            |       |       |    11 ||    11
Throw: Dart              |     7 |       |       ||     7
 Cast: Magic Dart        |    72 |    89 |   160 ||   321
       Sandblast         |     1 |    11 |     3 ||    15
       Searing Ray       |     1 |     4 |     1 ||     6
       Slow              |       |     7 |    24 ||    31
       Fulminant Prism   |       |       |     5 ||     5
       Dazzling Flash    |       |       |     1 ||     1
  Use: Potion            |       |       |     1 ||     1
 Stab: Sleeping          |       |     1 |       ||     1
Armor: Robe              |     4 |     3 |    14 ||    21
Dodge: Dodged            |    29 |    29 |    31 ||    89
Block: Buckler           |       |       |     6 ||     6

Table legend: (Time is in decaauts)
 A = Elapsed time spent in this place.
 B = Non-inter-level travel time spent in this place.
 C = Inter-level travel time spent in this place.
 D = Time resting spent in this place.
 E = Time spent auto-exploring this place.
 F = Levels seen in this place.
 G = Mean time per level.
                   A        B        C        D        E       F      G
               +--------+--------+--------+--------+--------+-----+--------+
         Total |  10061 |   9785 |    276 |   1891 |   6806 |   7 | 1437.3 |
       Dungeon |   9802 |   9534 |    268 |   1891 |   6608 |   6 | 1633.7 |
        Temple |    258 |    250 |      8 |      0 |    198 |   1 |  258.0 |
               +--------+--------+--------+--------+--------+-----+--------+

Top non-repeatable levels by time:
     D:5: 2039 daAuts
     D:2: 1749 daAuts
     D:1: 1726 daAuts
     D:6: 1564 daAuts
     D:3: 1408 daAuts
     D:4: 1314 daAuts
  Temple: 258 daAuts

Table legend:
 A = Kills in this place as a percentage of kills in entire the game.
 B = Kills by you in this place as a percentage of kills by you in the entire game.
 C = Kills by friends in this place as a percentage of kills by friends in the entire game.
 D = Other kills in this place as a percentage of other kills in the entire game.
 E = Experience gained in this place as a percentage of experience gained in the entire game.
 F = Experience gained in this place divided by the number of levels of this place that you have seen.
                   A       B       C       D       E      F
               +-------+-------+-------+-------+-------+----------------------
         Total | 100.0 | 100.0 |   N/A |   N/A | 100.0 | 312.1
       Dungeon | 100.0 | 100.0 |   N/A |   N/A | 100.0 | 364.2
               +-------+-------+-------+-------+-------+----------------------
